 Dungeon Crawl Stone Soup version 0.31-a0-702-gf82c85558f (webtiles) character file.

Game seed: 9215481357737119736

73632 qw the Marksgargoyle (level 15, 0/103 HPs)
             Began as a Gargoyle Hunter on Sept 7, 2023.
             Was a High Priest of Okawaru.
             Killed by divine providence
             ... invoked by Saint Roka
              (9 damage)
             ... on level 2 of the Orcish Mines.
             The game lasted 00:11:56 (19458 turns).

qw the Marksgargoyle (Gargoyle Hunter)             Turns: 19458, Time: 00:11:56

Health: 0/103      AC: 23    Str: 17    XL:     15   Next: 44%
Magic:  19/24      EV: 30    Int: 10    God:    Okawaru [*****.]
Gold:   1531       SH:  2    Dex: 23    Spells: 14/14 levels left

rFire   . . .        b - +1 arbalest
rCold   . . .        (shield currently unavailable)
rNeg    + . .        v - +0 troll leather armour
rPois   inf          (helmet restricted)
rElec   +            d - +0 cloak
rCorr   .            j - +0 pair of gloves
SInv    .            y - +1 pair of boots
Will    +....        m - amulet "Leilanno" {Faith rElec Str+3}
Stlth   +++          e - ring of the Octopus King {Wiz HP+2 AC+2 EV+2 SH+2}
HPRegen 1.17/turn    a - +5 ring of evasion
MPRegen 0.19/turn

%: faith, wizardry (x1)
@: about to teleport, heroic, finesse-ful, flying
A: sickness immunity, AC +11, big wings, negative energy resistance 1,
electricity resistance, torment resistance 1, petrification resistance, antennae
1, agile 1, high MP 1
a: Renounce Religion, Heroism, Finesse, Duel


You were on level 2 of the Orcish Mines.
You worshipped Okawaru.
Okawaru was extremely pleased with you.
You visited 4 branches of the dungeon, and saw 23 of its levels.

You collected 2879 gold pieces.
You spent 1348 gold pieces at shops.


Innate Abilities, Weirdness & Mutations

You are immune to sickness and miasma.
Your stone body is resilient. (AC +11)
You are immune to poison.
Your large and strong wings let you fly.
You resist negative energy. (rN+)
You are resistant to electric shocks. (rElec)
You are resistant to unholy torment.
You are immune to petrification.
You have a pair of small antennae on your head.
You are agile. (Dex +4, Str/Int -1)
You have an increased reservoir of magic. (+10% MP)


   Skills:
 + Level 14.9(19.9) Fighting
 - Level 18.0(23.0) Ranged Weapons
 - Level 8.1(13.1) Armour
 - Level 9.0(14.0) Dodging
 - Level 1.1(6.1) Stealth
 - Level 10.0 Invocations


You had 14 spell levels left.
You didn't know any spells.
Your spell library was empty.

Inventory:

Hand Weapons
 b - a +1 arbalest (weapon)
Armour
 d - a +0 cloak (worn)
 i - a +2 robe of fire resistance
 j - a +0 pair of gloves (worn)
 v - a +0 troll leather armour (worn)
 y - a +1 pair of boots (worn)
Jewellery
 a - a +5 ring of evasion (right hand)
 e - a ring of the Octopus King (left hand) {Wiz HP+2 AC+2 EV+2 SH+2}
   (You bought it in a shop on level 15 of the Dungeon)

   [ring of wizardry]

   Wiz:       It improves your spell success rate.
   AC+2:      It affects your AC (+2).
   EV+2:      It affects your evasion (+2).
   HP+2:      It affects your health (+2).
   SH+2:      It affects your SH (+2).
 h - an amulet of regeneration
 m - the amulet "Leilanno" (around neck) {Faith rElec Str+3}
   (You found it on level 12 of the Dungeon)

   [amulet of faith]

   Faith:     It allows you to gain divine favour quickly.
   Str+3:     It affects your strength (+3).
   rElec:     It insulates you from electricity.
 w - a ring of protection from fire
 Y - a ring of protection from fire
Scrolls
 c - 16 scrolls of identify
 n - 5 scrolls of teleportation
Potions
 f - 3 potions of cancellation
 g - 4 potions of haste
 l - a potion of mutation
 o - 3 potions of might
 p - 4 potions of enlightenment
 q - 8 potions of curing
 t - 3 potions of magic
 x - a potion of resistance

Dungeon Overview and Level Annotations

Branches:
Dungeon (15/15)            Temple (1/1) D:4            Lair (5/5) D:9
 Shoals (0/4) Lair:2       Spider (0/4) Lair:2        Slime (0/5) Lair:5
    Orc (2/2) D:12         Vaults (0/5) D:13         Depths (0/4) D:15
    Elf: Orc:2

Altars:
Ashenzari
Cheibriados
Dithmenos
Elyvilon
Fedhas
Gozag
Hepliaklqana
Kikubaaqudgha
Makhleb
Nemelex Xobeh
Okawaru
Qazlal
Ru
Sif Muna
Trog
Uskayaw
Vehumet
Wu Jian
Xom
Yredelemnul
Zin
The Shining One

Shops:
D:5 *   D:10 (   D:11 :   D:14 [   D:15 :*=(

Annotations:
Lair:2 exclusion: orb spider
Orc:2 Saint Roka


Message History

Saint Roka roars a battlecry!
The orc knight goes into a battle-frenzy!
An orc warlord comes into view.
It is wielding a +2 dire flail of holy wrath.
The orc knight hits you with a +0 long sword!!
You hear a shout!
The orc warlord shouts!
You hear a howl!
You hear a shout!
19455 ||| READING 6 scrolls of teleportation.
As you read the scroll of teleportation, it crumbles to dust.
You feel strangely unstable. You block the gnoll's attack.
Something barely misses you.
The two-headed ogre completely misses you. x2
An orc warrior comes into view. It is wielding a +0 long sword.
Saint Roka invokes the aid of Beogh against you.
Beogh smites you! The orc warrior completely misses you.
An orc warrior comes into view. It is wielding a +0 trident.
You block the orc knight's attack.
The orc shouts!
19456 ||| DRINKING potion of heal wounds.
You feel much better.
You hear a shout! x2
The gnoll completely misses you. The two-headed ogre closely misses you.
The two-headed ogre completely misses you.
The orc priest looks satisfied for a moment.
Something barely misses you. The orc warrior completely misses you.
An orc warrior comes into view. It is wielding a +0 battleaxe.
Saint Roka invokes the aid of Beogh against you.
Beogh smites you! You block the orc knight's attack.
You shoot a bolt. The bolt hits the two-headed ogre.
The two-headed ogre is lightly wounded.
The gnoll closely misses you.
The two-headed ogre completely misses you. x2
You shoot a bolt. The bolt hits the two-headed ogre!
The two-headed ogre is moderately wounded.
Saint Roka no longer looks unusually strong.
The orc priest looks braver for a moment.
You block the two-headed ogre's attack. x2
The orc warrior hits you but does no damage.
Saint Roka mumbles some strange prayers to Beogh against you.
Beogh smites you!
You die...
Saint Roka roars, "Praise to Beogh!"

...............
......o........
.......o.....#
....$.o.oo..#
#....<..o$###
..............##
....##..#......##.
........)oo#......
. ......{@Oo.....
#.....o.O......
......g.#......
#...........^#..
..#..........##
.#...........#
#.............#
..............$


You could see Saint Roka, an orc warlord (strong), an orc knight (strong), 2
two-headed ogres, 5 orc warriors, an orc priest (strong), a gnoll and an orc
(strong).

Vanquished Creatures
  An ironbound preserver (D:13)
  Josephine (Lair:3)
  An entropy weaver (shapeshifter) (D:14)
  2 fire dragons
  6 hydras
  2 catoblepae
  An ice dragon (D:15)
  An ogre mage (D:15)
  3 boulder beetles
  2 centaur warriors
  9 two-headed ogres
  A tengu warrior (D:12)
  3 death yaks (Lair:5)
  Sonja (Lair:4)
  Nergalle (Lair:3)
  A skyshark (Lair:4)
  3 skeletal warriors (D:14)
  A glowing orange brain (D:13)
  An obsidian statue (D:14)
  A swamp dragon (Lair:5)
  Pikel (D:6)
  3 lindwurms
  2 orc knights
  2 deep elf pyromancers
  A wizard (D:12)
  7 ugly things
  4 manticores
  6 cyclopes
  2 elephants (Lair:5)
  A black mamba (Lair:5)
  A merfolk siren (Lair:2)
  8 cane toads
  2 gargoyles (D:11)
  A torpor snail (Lair:4)
  A cane toad (shapeshifter) (D:12)
  A freezing wraith (D:14)
  Maggie (D:6)
  2 unseen horrors (D:12)
  2 kobold demonologists (D:14)
  7 komodo dragons
  2 rime drakes
  A yaktaur (shapeshifter) (D:14)
  8 trolls
  A hornet (D:8)
  A polar bear (Lair:3)
  13 blink frogs
  Prince Ribbit (D:6)
  A raiju (shapeshifter) (D:15)
  14 slime creatures
  16 dream sheep
  2 vampires (D:12)
  A spriggan (Lair:2)
  A spriggan (shapeshifter) (D:15)
  6 wraiths
  A centaur simulacrum (D:14)
  A shadow (D:13)
  29 yaks
  Eustachio (D:4)
  2 wyverns (Lair:5)
  A steam dragon (D:6)
  7 basilisks
  Edmund (D:6)
  5 vampire mosquitoes
  2 wargs (Orc:1)
  22 water moccasins
  4 acid dragons
  4 swamp drakes (Lair:5)
  2 ice beasts
  4 sky beasts
  9 orc warriors
  5 black bears
  6 ogres
  8 wolves
  10 centaurs
  4 phantoms
  5 kobold brigands
  4 lemures (D:6)
  11 bullfrogs
  A gnoll sergeant (D:10)
  3 scorpions
  11 wights
  14 killer bees
  6 howler monkeys
  An electric eel (D:7)
  2 gnoll boudas
  4 hounds
  5 jellies
  9 orc priests
  A sleepcap (D:6)
  5 iguanas
  15 orc wizards
  Natasha (twice) (D:2)
  15 gnolls
  4 adders
  A shadow imp (D:8)
  2 ufetubi
  2 worms
  4 dart slugs
  34 orcs
  5 ball pythons
  5 bats
  10 endoplasms
  17 goblins
  6 hobgoblins
  3 jackals (D:4)
  15 kobolds
  5 quokkas
  5 frilled lizards
  5 rats
530 creatures vanquished.

Notes
Turn   | Place    | Note
-------+----------+-------------------------------------------
     0 | D:1      | qw the Gargoyle Hunter began the quest for the Orb.
     0 | D:1      | Reached XP level 1. HP: 12/12 MP: 1/1
     0 | D:1      | 0 ||| qw: Version: 0.3-a-76-g4403597
     0 | D:1      | 0 ||| qw: Game counter: 878
     0 | D:1      | 0 ||| qw: Melee chars always use a shield: true
     0 | D:1      | 0 ||| qw: God list: Okawaru
     0 | D:1      | 0 ||| qw: Allow faded altars: false
     0 | D:1      | 0 ||| qw: Do Orc after clearing Dungeon:15 true
     0 | D:1      | 0 ||| qw: Do second Lair branch before Depths: true
     0 | D:1      | 0 ||| qw: Lair rune preference: random
     0 | D:1      | 0 ||| qw: Goals: Normal
     0 | D:1      | 0 ||| PLANNING D:1-11
    59 | D:1      | Reached XP level 2. HP: 15/17 MP: 2/2
   109 | D:1      | Reached XP level 3. HP: 15/21 MP: 3/3
   162 | D:1      | Reached skill level 5 in Ranged Weapons
   703 | D:1      | 703 ||| UPGRADING to +0 cloak.
   708 | D:1      | 708 ||| UPGRADING to +0 pair of boots.
   713 | D:1      | 713 ||| READING scroll labelled DUHUFAU FOOREU.
   718 | D:1      | 718 ||| DRINKING 3 purple potions.
   719 | D:1      | 719 ||| DROPPING scroll of butterflies.
   746 | D:2      | Noticed Natasha
   753 | D:2      | Killed Natasha
   754 | D:2      | Reached skill level 3 in Fighting
   754 | D:2      | Reached XP level 4. HP: 18/28 MP: 4/4
   754 | D:2      | 754 ||| STAIRDANCE
   987 | D:2      | 987 ||| READING scroll labelled AGUJYPIMPI.
   988 | D:2      | 988 ||| Stepping ~*~*~tactically~*~*~ (water).
  1007 | D:2      | Reached skill level 1 in Armour
  1238 | D:2      | Noticed Natasha
  1244 | D:2      | 1244 ||| RETREATING.
  1248 | D:2      | 1248 ||| Stepping ~*~*~tactically~*~*~ (retreating).
  1249 | D:2      | 1249 ||| Stepping ~*~*~tactically~*~*~ (retreating).
  1250 | D:2      | 1250 ||| Stepping ~*~*~tactically~*~*~ (retreating).
  1251 | D:2      | 1251 ||| Stepping ~*~*~tactically~*~*~ (retreating).
  1252 | D:2      | 1252 ||| Stepping ~*~*~tactically~*~*~ (retreating).
  1253 | D:2      | 1253 ||| Stepping ~*~*~tactically~*~*~ (retreating).
  1255 | D:2      | 1255 ||| Stepping ~*~*~tactically~*~*~ (retreating).
  1255 | D:2      | HP: 7/28 [Natasha (2)]
  1256 | D:2      | 1256 ||| Stepping ~*~*~tactically~*~*~ (retreating).
  1259 | D:2      | Killed Natasha
  1640 | D:2      | Reached XP level 5. HP: 29/32 MP: 5/5
  1987 | D:2      | 1987 ||| UPGRADING to +0 ring mail.
  1997 | D:2      | 1997 ||| DROPPING +0 leather armour.
  1998 | D:2      | 1998 ||| UPGRADING to +0 helmet.
  2003 | D:2      | 2003 ||| READING scroll labelled LIHYLECOHA.
  2004 | D:2      | 2004 ||| READING scroll labelled IXAHY OPSOAMAC.
  2156 | D:3      | Found a faded altar of an unknown god.
  2157 | D:3      | 2157 ||| DRINKING 2 viscous sapphire potions.
  2264 | D:3      | Reached skill level 6 in Ranged Weapons
  2289 | D:3      | Found a bloodstained altar of Trog.
  2415 | D:3      | Found a basalt altar of Yredelemnul.
  2429 | D:3      | Found a glowing golden altar of the Shining One.
  2431 | D:3      | Noticed an angel
  2533 | D:3      | 2533 ||| DRINKING 2 orange potions.
  2534 | D:3      | 2534 ||| DROPPING potion of lignification.
  2535 | D:3      | 2535 ||| DROPPING potion of degeneration.
  2564 | D:4      | Found a shimmering blue altar of Sif Muna.
  2676 | D:4      | Found a staircase to the Ecumenical Temple.
  2677 | D:4      | 2677 ||| PLANNING TEMPLE
  2677 | D:4      | 2677 ||| READING scroll labelled NUKAOHU ZAGOHU.
  2689 | Temple   | Entered the Ecumenical Temple
  2690 | Temple   | 2690 ||| PLANNING OKAWARU WORSHIP
  2714 | Temple   | Became a worshipper of Warmaster Okawaru
  2715 | Temple   | 2715 ||| PLANNING D:1-11
  2869 | D:4      | Reached XP level 6. HP: 22/38 MP: 6/6
  3147 | D:4      | Reached XP level 7. HP: 24/44 MP: 7/7
  3231 | D:4      | Reached * piety under Okawaru
  3232 | D:4      | Reached skill level 7 in Ranged Weapons
  3385 | D:4      | Noticed Eustachio
  3386 | D:4      | 3386 ||| INVOKING Heroism.
  3397 | D:4      | 3397 ||| FLEEEEING.
  3398 | D:4      | 3398 ||| RETREATING.
  3409 | D:4      | 3409 ||| Stepping ~*~*~tactically~*~*~ (retreating).
  3410 | D:4      | 3410 ||| Stepping ~*~*~tactically~*~*~ (retreating).
  3411 | D:4      | 3411 ||| Stepping ~*~*~tactically~*~*~ (retreating).
  3423 | D:4      | Killed Eustachio
  3617 | D:4      | Found a shimmering altar of Xom.
  3633 | D:4      | 3633 ||| DROPPING ring of wizardry.
  3634 | D:4      | 3634 ||| READING scroll labelled MUMOOJ GIDETIE.
  3686 | D:5      | Entered Level 5 of the Dungeon
  3723 | D:5      | Reached skill level 1 in Invocations
  3724 | D:5      | Found a broken altar of Ashenzari.
  3768 | D:5      | 3768 ||| INVOKING Heroism.
  3774 | D:5      | Reached skill level 8 in Ranged Weapons
  3788 | D:5      | 3788 ||| INVOKING Heroism.
  3851 | D:5      | Found an opulent altar of Gozag.
  3904 | D:5      | Identified the +5 rapier of the Mosquito {heavy, Dex+3}
  3969 | D:5      | Reached XP level 8. HP: 45/49 MP: 8/10
  4100 | D:5      | 4100 ||| INVOKING Heroism.
  4108 | D:5      | Reached skill level 3 in Invocations
  4121 | D:5      | Found Ukuupt's Book Shop.
  4135 | D:5      | Found Iiymm's Incredible Inventory.
  4142 | D:5      | 4142 ||| BUYING scroll of identify (22 gold).
  4142 | D:5      | Bought a scroll of identify for 22 gold pieces
  4236 | D:5      | 4236 ||| INVOKING Heroism.
  4237 | D:5      | 4237 ||| Stepping ~*~*~tactically~*~*~ (outnumbered).
  4244 | D:5      | 4244 ||| Stepping ~*~*~tactically~*~*~ (outnumbered).
  4255 | D:5      | 4255 ||| INVOKING Heroism.
  4258 | D:5      | 4258 ||| Stepping ~*~*~tactically~*~*~ (outnumbered).
  4373 | D:5      | 4373 ||| INVOKING Heroism.
  4641 | D:5      | 4641 ||| UPGRADING to ring of protection from fire.
  4642 | D:5      | 4642 ||| READING scroll labelled DEMYRA VUENG.
  4743 | D:5      | 4743 ||| READING scroll labelled ZIUDITU AZYA.
  4744 | D:5      | 4744 ||| DRINKING 2 silvery potions.
  4745 | D:5      | 4745 ||| READING 3 scrolls of identify.
  4745 | D:5      | 4745 ||| IDENTIFYING emerald potion
  4746 | D:5      | 4746 ||| READING 2 scrolls of identify.
  4746 | D:5      | 4746 ||| IDENTIFYING ruby potion
  4761 | D:6      | Noticed Maggie
  4780 | D:6      | 4780 ||| INVOKING Heroism.
  4783 | D:6      | Killed Maggie
  4784 | D:6      | Reached skill level 9 in Ranged Weapons
  4784 | D:6      | 4784 ||| STAIRDANCE
  5033 | D:6      | Noticed Edmund
  5034 | D:6      | 5034 ||| INVOKING Heroism.
  5047 | D:6      | Killed Edmund
  5048 | D:6      | Reached skill level 3 in Armour
  5069 | D:6      | Found a sparkling altar of Nemelex Xobeh.
  5088 | D:6      | 5088 ||| INVOKING Heroism.
  5102 | D:6      | Reached XP level 9. HP: 38/55 MP: 10/12
  5108 | D:6      | 5108 ||| Stepping ~*~*~tactically~*~*~ (retreating).
  5112 | D:6      | Reached skill level 6 in Fighting
  5112 | D:6      | 5112 ||| INVOKING Heroism.
  5113 | D:6      | 5113 ||| Stepping ~*~*~tactically~*~*~ (retreating).
  5130 | D:6      | Noticed Pikel
  5135 | D:6      | 5135 ||| INVOKING Heroism.
  5154 | D:6      | Killed Pikel
  5154 | D:6      | Reached ** piety under Okawaru
  5155 | D:6      | Reached skill level 10 in Ranged Weapons
  5265 | D:6      | Found an ancient bone altar of Kikubaaqudgha.
  5316 | D:6      | Noticed Prince Ribbit
  5318 | D:6      | 5318 ||| RETREATING.
  5319 | D:6      | 5319 ||| INVOKING Heroism.
  5351 | D:6      | 5351 ||| INVOKING Heroism.
  5367 | D:6      | Killed Prince Ribbit
  5586 | D:6      | 5586 ||| INVOKING Heroism.
  5771 | D:6      | 5771 ||| READING scroll of enchant armour.
  5771 | D:6      | 5771 ||| ENCHANTING +0 helmet.
  5806 | D:6      | Found a shadowy altar of Dithmenos.
  6057 | D:6      | 6057 ||| UPGRADING to +0 steam dragon scales.
  6067 | D:6      | 6067 ||| DROPPING +0 ring mail.
  6068 | D:6      | 6068 ||| DRINKING 2 blue potions.
  6117 | D:7      | 6117 ||| INVOKING Heroism.
  6217 | D:7      | 6217 ||| INVOKING Heroism.
  6235 | D:7      | Reached skill level 3 in Dodging
  6243 | D:7      | 6243 ||| INVOKING Heroism.
  6420 | D:7      | Reached skill level 11 in Ranged Weapons
  6551 | D:7      | Reached XP level 10. HP: 64/64 MP: 13/13
  6657 | D:7      | Found a blossoming altar of Fedhas.
  6659 | D:7      | 6659 ||| INVOKING Heroism.
  6732 | D:7      | Noticed a manticore
  6733 | D:7      | 6733 ||| INVOKING Heroism.
  6745 | D:7      | Killed a manticore
  6956 | D:7      | 6956 ||| INVOKING Heroism.
  7101 | D:7      | 7101 ||| RETREATING.
  7112 | D:7      | 7112 ||| Stepping ~*~*~tactically~*~*~ (retreating).
  7113 | D:7      | 7113 ||| Stepping ~*~*~tactically~*~*~ (retreating).
  7114 | D:7      | 7114 ||| Stepping ~*~*~tactically~*~*~ (retreating).
  7115 | D:7      | 7115 ||| Stepping ~*~*~tactically~*~*~ (retreating).
  7116 | D:7      | 7116 ||| Stepping ~*~*~tactically~*~*~ (retreating).
  7117 | D:7      | 7117 ||| Stepping ~*~*~tactically~*~*~ (retreating).
  7118 | D:7      | 7118 ||| Stepping ~*~*~tactically~*~*~ (retreating).
  7129 | D:7      | Reached skill level 12 in Ranged Weapons
  7147 | D:7      | 7147 ||| INVOKING Heroism.
  7207 | D:7      | 7207 ||| READING scroll labelled TOZO MOC ZUTAS.
  7208 | D:7      | 7208 ||| DRINKING 2 lumpy yellow potions.
  7208 | D:7      | Gained mutation: You are agile. (Dex +4, Str/Int -1)
                  | [potion of mutation]
  7208 | D:7      | Gained mutation: You have hidden genetic potential. [potion
                  | of mutation]
  7209 | D:7      | 7209 ||| READING 2 scrolls of identify.
  7209 | D:7      | 7209 ||| IDENTIFYING viscous amethyst potion
  7210 | D:7      | 7210 ||| DROPPING potion of attraction.
  7357 | D:8      | 7357 ||| INVOKING Heroism.
  7365 | D:8      | Reached *** piety under Okawaru
  7450 | D:8      | 7450 ||| FLEEEEING.
  7452 | D:8      | 7452 ||| STAIRDANCE
  7522 | D:8      | 7522 ||| Stepping ~*~*~tactically~*~*~ (outnumbered).
  7523 | D:8      | 7523 ||| Stepping ~*~*~tactically~*~*~ (outnumbered).
  7526 | D:8      | 7526 ||| Stepping ~*~*~tactically~*~*~ (outnumbered).
  7527 | D:8      | 7527 ||| Stepping ~*~*~tactically~*~*~ (outnumbered).
  7549 | D:8      | 7549 ||| SWAPPING to +0 orcbow.
  7550 | D:8      | 7550 ||| DROPPING +1 shortbow.
  7777 | D:8      | 7777 ||| DROPPING +1 shortbow of draining.
  7959 | D:8      | 7959 ||| UPGRADING to amulet of the acrobat.
  7964 | D:8      | 7964 ||| DRINKING 3 puce potions.
  7965 | D:8      | 7965 ||| DRINKING potion of curing.
  7965 | D:8      | 7965 ||| (to cure confusion)
  7966 | D:8      | 7966 ||| READING 3 scrolls of identify.
  7966 | D:8      | 7966 ||| IDENTIFYING red potion
  7967 | D:8      | 7967 ||| DROPPING 2 potions of ambrosia.
  8197 | D:9      | 8197 ||| RETREATING.
  8204 | D:9      | 8204 ||| Stepping ~*~*~tactically~*~*~ (retreating).
  8230 | D:9      | 8230 ||| INVOKING Heroism.
  8236 | D:9      | Reached skill level 13 in Ranged Weapons
  8283 | D:9      | Found a staircase to the Lair.
  8303 | D:9      | Reached **** piety under Okawaru
  8304 | D:9      | Reached XP level 11. HP: 64/69 MP: 14/14
  8338 | D:9      | Received a gift from Okawaru
  8394 | D:9      | 8394 ||| INVOKING Heroism.
  8405 | D:9      | Reached skill level 9 in Fighting
  8704 | D:9      | 8704 ||| RETREATING.
  8783 | D:9      | 8783 ||| PLANNING LAIR
  8783 | D:9      | 8783 ||| READING scroll labelled YTEADGHERA SEEJ.
  8784 | D:9      | 8784 ||| READING scroll labelled WEIPSE DESU.
  8785 | D:9      | 8785 ||| READING 2 scrolls of identify.
  8785 | D:9      | 8785 ||| IDENTIFYING bubbling silvery potion
  8786 | D:9      | 8786 ||| DROPPING potion of brilliance.
  8813 | Lair:1   | Entered Level 1 of the Lair of Beasts
  8814 | Lair:1   | 8814 ||| INVOKING Heroism.
  8869 | Lair:1   | 8869 ||| INVOKING Heroism.
  8900 | Lair:1   | 8900 ||| RETREATING.
  8909 | Lair:1   | 8909 ||| Stepping ~*~*~tactically~*~*~ (retreating).
  8914 | Lair:1   | 8914 ||| Stepping ~*~*~tactically~*~*~ (retreating).
  8922 | Lair:1   | 8922 ||| Stepping ~*~*~tactically~*~*~ (retreating).
  8923 | Lair:1   | 8923 ||| Stepping ~*~*~tactically~*~*~ (retreating).
  8924 | Lair:1   | 8924 ||| Stepping ~*~*~tactically~*~*~ (retreating).
  8925 | Lair:1   | 8925 ||| Stepping ~*~*~tactically~*~*~ (retreating).
  8926 | Lair:1   | 8926 ||| Stepping ~*~*~tactically~*~*~ (retreating).
  8927 | Lair:1   | 8927 ||| Stepping ~*~*~tactically~*~*~ (retreating).
  8928 | Lair:1   | 8928 ||| Stepping ~*~*~tactically~*~*~ (retreating).
  8931 | Lair:1   | 8931 ||| INVOKING Heroism.
  8935 | Lair:1   | HP: 17/71 [yak (5)]
  8936 | Lair:1   | 8936 ||| READING 3 scrolls of teleportation.
  9124 | Lair:1   | 9124 ||| INVOKING Heroism.
  9565 | Lair:1   | 9565 ||| INVOKING Heroism.
  9794 | Lair:1   | 9794 ||| UPGRADING to amulet of regeneration.
  9804 | Lair:1   | 9804 ||| DROPPING amulet of the acrobat.
  9815 | Lair:2   | 9815 ||| RETREATING.
  9821 | Lair:2   | 9821 ||| STAIRDANCE
  9826 | Lair:2   | 9826 ||| STAIRDANCE
  9849 | Lair:2   | 9849 ||| STAIRDANCE
 10017 | Lair:2   | Found a hole to the Spider Nest.
 10017 | Lair:2   | Noticed an orb spider
 10098 | Lair:2   | 10098 ||| INVOKING Heroism.
 10118 | Lair:2   | Reached skill level 14 in Ranged Weapons
 10118 | Lair:2   | Reached skill level 6 in Invocations
 10186 | Lair:2   | 10186 ||| INVOKING Heroism.
 10215 | Lair:2   | Found a staircase to the Shoals.
 10236 | Lair:2   | 10236 ||| INVOKING Heroism.
 10270 | Lair:2   | Noticed an eight-headed hydra
 10271 | Lair:2   | 10271 ||| INVOKING Heroism.
 10279 | Lair:2   | Killed an eight-headed hydra
 10330 | Lair:2   | 10330 ||| INVOKING Heroism.
 10588 | Lair:2   | Noticed a four-headed hydra
 10589 | Lair:2   | 10589 ||| RETREATING.
 10592 | Lair:2   | 10592 ||| INVOKING Heroism.
 10598 | Lair:2   | Reached XP level 12. HP: 76/76 MP: 14/17
 10791 | Lair:3   | Noticed Josephine
 10794 | Lair:3   | 10794 ||| RETREATING.
 10806 | Lair:3   | Noticed Nergalle
 10807 | Lair:3   | 10807 ||| Stepping ~*~*~tactically~*~*~ (retreating).
 10808 | Lair:3   | 10808 ||| INVOKING Heroism.
 10813 | Lair:3   | Killed Josephine
 10830 | Lair:3   | HP: 16/77 [water moccasin (5)]
 10831 | Lair:3   | 10831 ||| READING 4 scrolls of teleportation.
 10831 | Lair:3   | HP: 7/77 [spectral orc warrior/+4 mace[Nergalle] (11)]
 10832 | Lair:3   | 10832 ||| DRINKING 2 potions of heal wounds.
 10897 | Lair:3   | 10897 ||| INVOKING Heroism.
 10913 | Lair:3   | Killed Nergalle
 10918 | Lair:3   | Gained mutation: You have a pair of small antennae on your
                  | head. [hidden potential]
 11066 | Lair:3   | Found a dark tunnel.
 11071 | Lair:3   | 11071 ||| INVOKING Heroism.
 11080 | Lair:3   | Killed a four-headed hydra
 11137 | Lair:3   | 11137 ||| INVOKING Heroism.
 11148 | Lair:3   | 11148 ||| UPGRADING to +0 pair of gloves.
 11167 | Lair:3   | HP: 11/77 [komodo dragon (17)]
 11168 | Lair:3   | 11168 ||| READING 3 scrolls of teleportation.
 11169 | Lair:3   | 11169 ||| DRINKING potion of heal wounds.
 11222 | Lair:3   | 11222 ||| DROPPING +1 helmet.
 11229 | Lair:3   | Identified the +6 chain mail "Jefar" {rF+ rN+ Int-3}
 11248 | Lair:3   | 11248 ||| INVOKING Heroism.
 11254 | Lair:3   | Reached skill level 9 in Invocations
 11382 | Lair:3   | 11382 ||| INVOKING Heroism.
 11386 | Lair:3   | Received a gift from Okawaru
 11473 | Lair:3   | Noticed a five-headed hydra
 11474 | Lair:3   | 11474 ||| INVOKING Heroism.
 11479 | Lair:3   | 11479 ||| RETREATING.
 11482 | Lair:3   | 11482 ||| Stepping ~*~*~tactically~*~*~ (retreating).
 11483 | Lair:3   | 11483 ||| Stepping ~*~*~tactically~*~*~ (retreating).
 11484 | Lair:3   | 11484 ||| Stepping ~*~*~tactically~*~*~ (retreating).
 11489 | Lair:3   | 11489 ||| Stepping ~*~*~tactically~*~*~ (retreating).
 11503 | Lair:3   | HP: 19/77 [five-headed hydra (9)]
 11504 | Lair:3   | 11504 ||| READING 3 scrolls of teleportation.
 11506 | Lair:3   | Killed a five-headed hydra
 11591 | Lair:3   | 11591 ||| INVOKING Heroism.
 11933 | Lair:4   | Noticed Sonja
 11961 | Lair:4   | Killed Sonja
 11980 | Lair:4   | Noticed a skyshark
 11995 | Lair:4   | Killed a skyshark
 12098 | Lair:4   | Reached skill level 15 in Ranged Weapons
 12179 | Lair:4   | Noticed a seven-headed hydra
 12180 | Lair:4   | 12180 ||| INVOKING Heroism.
 12185 | Lair:4   | Killed a seven-headed hydra
 12242 | Lair:4   | 12242 ||| RETREATING.
 12250 | Lair:4   | 12250 ||| RETREATING.
 12251 | Lair:4   | 12251 ||| Stepping ~*~*~tactically~*~*~ (retreating).
 12270 | Lair:4   | Reached skill level 6 in Dodging
 12275 | Lair:4   | 12275 ||| INVOKING Heroism.
 12586 | Lair:4   | 12586 ||| RETREATING.
 12589 | Lair:4   | Reached XP level 13. HP: 82/82 MP: 20/20
 12756 | Lair:4   | 12756 ||| INVOKING Heroism.
 12760 | Lair:4   | 12760 ||| RETREATING.
 12875 | Lair:4   | 12875 ||| UPGRADING to +5 ring of evasion.
 12876 | Lair:4   | 12876 ||| READING scroll labelled EKAPIMOIBE.
 12879 | Lair:5   | Entered Level 5 of the Lair of Beasts
 12896 | Lair:5   | 12896 ||| FLEEEEING.
 12920 | Lair:5   | 12920 ||| Stepping ~*~*~tactically~*~*~ (water).
 12934 | Lair:5   | 12934 ||| Stepping ~*~*~tactically~*~*~ (retreating).
 12948 | Lair:5   | 12948 ||| INVOKING Heroism.
 12951 | Lair:5   | Reached skill level 16 in Ranged Weapons
 12954 | Lair:5   | Gained mutation: You have an increased reservoir of magic.
                  | (+10% MP) [hidden potential]
 12954 | Lair:5   | Lost mutation: You have hidden genetic potential. [hidden
                  | potential expressed]
 12988 | Lair:5   | Noticed a fire dragon
 12989 | Lair:5   | 12989 ||| INVOKING Heroism.
 12997 | Lair:5   | 12997 ||| RETREATING.
 12998 | Lair:5   | 12998 ||| Stepping ~*~*~tactically~*~*~ (water).
 13004 | Lair:5   | 13004 ||| INVOKING Heroism.
 13005 | Lair:5   | 13005 ||| Stepping ~*~*~tactically~*~*~ (retreating).
 13006 | Lair:5   | 13006 ||| Stepping ~*~*~tactically~*~*~ (retreating).
 13007 | Lair:5   | 13007 ||| Stepping ~*~*~tactically~*~*~ (retreating).
 13008 | Lair:5   | 13008 ||| Stepping ~*~*~tactically~*~*~ (retreating).
 13009 | Lair:5   | 13009 ||| Stepping ~*~*~tactically~*~*~ (retreating).
 13010 | Lair:5   | 13010 ||| Stepping ~*~*~tactically~*~*~ (retreating).
 13011 | Lair:5   | 13011 ||| Stepping ~*~*~tactically~*~*~ (retreating).
 13012 | Lair:5   | 13012 ||| RETREATING.
 13028 | Lair:5   | Killed a fire dragon
 13055 | Lair:5   | 13055 ||| Stepping ~*~*~tactically~*~*~ (water).
 13057 | Lair:5   | 13057 ||| Stepping ~*~*~tactically~*~*~ (water).
 13062 | Lair:5   | 13062 ||| Stepping ~*~*~tactically~*~*~ (water).
 13070 | Lair:5   | 13070 ||| Stepping ~*~*~tactically~*~*~ (water).
 13076 | Lair:5   | 13076 ||| Stepping ~*~*~tactically~*~*~ (water).
 13181 | Lair:5   | 13181 ||| INVOKING Heroism.
 13219 | Lair:5   | 13219 ||| RETREATING.
 13223 | Lair:5   | 13223 ||| Stepping ~*~*~tactically~*~*~ (retreating).
 13226 | Lair:5   | 13226 ||| Stepping ~*~*~tactically~*~*~ (retreating).
 13227 | Lair:5   | 13227 ||| Stepping ~*~*~tactically~*~*~ (retreating).
 13228 | Lair:5   | 13228 ||| Stepping ~*~*~tactically~*~*~ (retreating).
 13229 | Lair:5   | 13229 ||| Stepping ~*~*~tactically~*~*~ (retreating).
 13230 | Lair:5   | 13230 ||| Stepping ~*~*~tactically~*~*~ (retreating).
 13231 | Lair:5   | 13231 ||| Stepping ~*~*~tactically~*~*~ (retreating).
 13232 | Lair:5   | 13232 ||| Stepping ~*~*~tactically~*~*~ (retreating).
 13233 | Lair:5   | 13233 ||| Stepping ~*~*~tactically~*~*~ (retreating).
 13234 | Lair:5   | 13234 ||| Stepping ~*~*~tactically~*~*~ (retreating).
 13236 | Lair:5   | 13236 ||| Stepping ~*~*~tactically~*~*~ (retreating).
 13239 | Lair:5   | 13239 ||| Stepping ~*~*~tactically~*~*~ (retreating).
 13240 | Lair:5   | 13240 ||| Stepping ~*~*~tactically~*~*~ (retreating).
 13241 | Lair:5   | 13241 ||| Stepping ~*~*~tactically~*~*~ (retreating).
 13242 | Lair:5   | 13242 ||| Stepping ~*~*~tactically~*~*~ (retreating).
 13243 | Lair:5   | 13243 ||| Stepping ~*~*~tactically~*~*~ (retreating).
 13244 | Lair:5   | 13244 ||| Stepping ~*~*~tactically~*~*~ (retreating).
 13267 | Lair:5   | Reached skill level 6 in Armour
 13347 | Lair:5   | 13347 ||| SWAPPING to +0 arbalest.
 13348 | Lair:5   | 13348 ||| DROPPING +0 orcbow.
 13349 | Lair:5   | 13349 ||| READING scroll of enchant weapon.
 13349 | Lair:5   | 13349 ||| ENCHANTING +0 arbalest.
 13442 | Lair:5   | 13442 ||| RETREATING.
 13448 | Lair:5   | 13448 ||| INVOKING Heroism.
 13450 | Lair:5   | 13450 ||| Stepping ~*~*~tactically~*~*~ (retreating).
 13451 | Lair:5   | 13451 ||| Stepping ~*~*~tactically~*~*~ (retreating).
 13452 | Lair:5   | 13452 ||| Stepping ~*~*~tactically~*~*~ (retreating).
 13466 | Lair:5   | 13466 ||| Stepping ~*~*~tactically~*~*~ (retreating).
 13467 | Lair:5   | 13467 ||| Stepping ~*~*~tactically~*~*~ (retreating).
 13468 | Lair:5   | 13468 ||| Stepping ~*~*~tactically~*~*~ (retreating).
 13472 | Lair:5   | Reached ***** piety under Okawaru
 13590 | Lair:5   | 13590 ||| RETREATING.
 13602 | Lair:5   | 13602 ||| Stepping ~*~*~tactically~*~*~ (retreating).
 13603 | Lair:5   | 13603 ||| Stepping ~*~*~tactically~*~*~ (retreating).
 13604 | Lair:5   | 13604 ||| Stepping ~*~*~tactically~*~*~ (retreating).
 13605 | Lair:5   | 13605 ||| Stepping ~*~*~tactically~*~*~ (retreating).
 13606 | Lair:5   | 13606 ||| Stepping ~*~*~tactically~*~*~ (retreating).
 13607 | Lair:5   | 13607 ||| Stepping ~*~*~tactically~*~*~ (retreating).
 13608 | Lair:5   | 13608 ||| Stepping ~*~*~tactically~*~*~ (retreating).
 13609 | Lair:5   | 13609 ||| Stepping ~*~*~tactically~*~*~ (retreating).
 13615 | Lair:5   | 13615 ||| Stepping ~*~*~tactically~*~*~ (retreating).
 13623 | Lair:5   | 13623 ||| INVOKING Heroism.
 13671 | Lair:5   | 13671 ||| INVOKING Heroism.
 13771 | Lair:5   | Found a staircase to the Slime Pits.
 14038 | Lair:5   | 14038 ||| INVOKING Heroism.
 14039 | Lair:5   | 14039 ||| INVOKING Finesse.
 14064 | Lair:5   | Reached skill level 17 in Ranged Weapons
 14091 | Lair:5   | 14091 ||| INVOKING Heroism.
 14125 | Lair:5   | 14125 ||| RETREATING.
 14129 | Lair:5   | 14129 ||| Stepping ~*~*~tactically~*~*~ (retreating).
 14130 | Lair:5   | 14130 ||| Stepping ~*~*~tactically~*~*~ (retreating).
 14131 | Lair:5   | 14131 ||| Stepping ~*~*~tactically~*~*~ (retreating).
 14132 | Lair:5   | 14132 ||| Stepping ~*~*~tactically~*~*~ (retreating).
 14134 | Lair:5   | 14134 ||| INVOKING Finesse.
 14138 | Lair:5   | 14138 ||| INVOKING Heroism.
 14249 | Lair:5   | 14249 ||| INVOKING Heroism.
 14251 | Lair:5   | 14251 ||| RETREATING.
 14394 | Lair:5   | 14394 ||| INVOKING Heroism.
 14399 | Lair:5   | Gained mutation: Your large and strong wings let you fly.
                  | [Gargoyle growth]
 14399 | Lair:5   | Reached XP level 14. HP: 90/90 MP: 21/23
 14578 | Lair:5   | 14578 ||| PLANNING D:1-11
 14578 | Lair:5   | 14578 ||| UPGRADING to +0 acid dragon scales.
 14588 | Lair:5   | 14588 ||| READING 9 scrolls of identify.
 14588 | Lair:5   | 14588 ||| IDENTIFYING smoky sapphire potion
 14715 | D:10     | Entered Level 10 of the Dungeon
 14772 | D:10     | 14772 ||| Stepping ~*~*~tactically~*~*~ (retreating).
 14776 | D:10     | 14776 ||| Stepping ~*~*~tactically~*~*~ (retreating).
 14779 | D:10     | 14779 ||| Stepping ~*~*~tactically~*~*~ (retreating).
 14780 | D:10     | 14780 ||| Stepping ~*~*~tactically~*~*~ (retreating).
 14781 | D:10     | 14781 ||| Stepping ~*~*~tactically~*~*~ (retreating).
 14782 | D:10     | 14782 ||| Stepping ~*~*~tactically~*~*~ (retreating).
 15152 | D:10     | Found Taguuk's Weapon Shoppe.
 15341 | D:10     | 15341 ||| DROPPING +6 ring of intelligence.
 15526 | D:11     | 15526 ||| Stepping ~*~*~tactically~*~*~ (retreating).
 15530 | D:11     | 15530 ||| RETREATING.
 15557 | D:11     | 15557 ||| INVOKING Heroism.
 15766 | D:11     | Found Irromul's Book Shoppe.
 15815 | D:11     | 15815 ||| Stepping ~*~*~tactically~*~*~ (outnumbered).
 15822 | D:11     | 15822 ||| Stepping ~*~*~tactically~*~*~ (outnumbered).
 15840 | D:11     | 15840 ||| Stepping ~*~*~tactically~*~*~ (outnumbered).
 16155 | D:11     | 16155 ||| PLANNING D
 16155 | D:11     | 16155 ||| DROPPING ring of resist corrosion.
 16245 | D:12     | Identified the amulet "Leilanno" {Faith rElec Str+3}
 16311 | D:12     | Found a staircase to the Orcish Mines.
 16326 | D:12     | Reached skill level 18 in Ranged Weapons
 16433 | D:12     | 16433 ||| INVOKING Heroism.
 16434 | D:12     | 16434 ||| INVOKING Finesse.
 16450 | D:12     | Identified the +1 shortbow of Moral Flaws {heavy, rF+ rN+
                  | Str+6} (Okawaru gifted it to you on level 12 of the
                  | Dungeon)
 16450 | D:12     | Received a gift from Okawaru
 16587 | D:12     | 16587 ||| RETREATING.
 16591 | D:12     | 16591 ||| Stepping ~*~*~tactically~*~*~ (retreating).
 16592 | D:12     | 16592 ||| Stepping ~*~*~tactically~*~*~ (retreating).
 16593 | D:12     | 16593 ||| INVOKING Heroism.
 16604 | D:12     | Reached skill level 12 in Fighting
 16761 | D:12     | 16761 ||| DROPPING +0 steam dragon scales.
 16762 | D:12     | 16762 ||| UPGRADING to +0 troll leather armour.
 16772 | D:12     | 16772 ||| DROPPING +0 acid dragon scales.
 16773 | D:12     | 16773 ||| UPGRADING to amulet "Leilanno" {Faith rElec
                  | Str+3}.
 16794 | D:13     | 16794 ||| INVOKING Heroism.
 16795 | D:13     | 16795 ||| INVOKING Finesse.
 16854 | D:13     | 16854 ||| INVOKING Heroism.
 17100 | D:13     | 17100 ||| RETREATING.
 17115 | D:13     | 17115 ||| Stepping ~*~*~tactically~*~*~ (retreating).
 17116 | D:13     | 17116 ||| Stepping ~*~*~tactically~*~*~ (retreating).
 17117 | D:13     | 17117 ||| Stepping ~*~*~tactically~*~*~ (retreating).
 17118 | D:13     | 17118 ||| Stepping ~*~*~tactically~*~*~ (retreating).
 17124 | D:13     | 17124 ||| Stepping ~*~*~tactically~*~*~ (retreating).
 17125 | D:13     | 17125 ||| DRINKING 7 potions of curing.
 17125 | D:13     | 17125 ||| (to cure confusion)
 17127 | D:13     | 17127 ||| Stepping ~*~*~tactically~*~*~ (retreating).
 17128 | D:13     | 17128 ||| RETREATING.
 17130 | D:13     | 17130 ||| INVOKING Heroism.
 17131 | D:13     | 17131 ||| Stepping ~*~*~tactically~*~*~ (outnumbered).
 17150 | D:13     | Noticed an ironbound preserver
 17157 | D:13     | Killed an ironbound preserver
 17175 | D:13     | Found a gate to the Vaults.
 17323 | D:14     | 17323 ||| Stepping ~*~*~tactically~*~*~ (retreating).
 17324 | D:14     | 17324 ||| INVOKING Heroism.
 17329 | D:14     | 17329 ||| Stepping ~*~*~tactically~*~*~ (retreating).
 17331 | D:14     | 17331 ||| Stepping ~*~*~tactically~*~*~ (retreating).
 17332 | D:14     | 17332 ||| STAIRDANCE
 17338 | D:14     | 17338 ||| STAIRDANCE
 17355 | D:14     | 17355 ||| STAIRDANCE
 17357 | D:13     | 17357 ||| INVOKING Heroism.
 17379 | D:14     | HP: 20/92 [red ugly thing (11)]
 17380 | D:14     | 17380 ||| READING 7 scrolls of teleportation.
 17448 | D:14     | 17448 ||| Stepping ~*~*~tactically~*~*~ (outnumbered).
 17450 | D:14     | 17450 ||| Stepping ~*~*~tactically~*~*~ (outnumbered).
 17453 | D:14     | 17453 ||| Stepping ~*~*~tactically~*~*~ (outnumbered).
 17455 | D:14     | 17455 ||| Stepping ~*~*~tactically~*~*~ (outnumbered).
 17474 | D:14     | 17474 ||| INVOKING Finesse.
 17480 | D:14     | 17480 ||| INVOKING Heroism.
 17587 | D:14     | 17587 ||| INVOKING Heroism.
 17649 | D:14     | 17649 ||| INVOKING Heroism.
 17675 | D:14     | Reached XP level 15. HP: 35/99 MP: 24/24
 17764 | D:14     | Found Hiehimm's Armour Shoppe.
 17790 | D:14     | 17790 ||| BUYING +1 pair of boots (126 gold).
 17790 | D:14     | Bought a +1 pair of boots for 126 gold pieces
 17963 | D:14     | 17963 ||| INVOKING Heroism.
 18228 | D:14     | 18228 ||| UPGRADING to +1 pair of boots.
 18238 | D:14     | 18238 ||| DROPPING +0 pair of boots.
 18239 | D:14     | 18239 ||| READING scroll labelled KONARO TIBBUNK.
 18240 | D:14     | 18240 ||| READING 17 scrolls of identify.
 18240 | D:14     | 18240 ||| IDENTIFYING amethyst potion
 18241 | D:14     | 18241 ||| READING 16 scrolls of identify.
 18241 | D:14     | 18241 ||| IDENTIFYING lumpy silvery potion
 18242 | D:14     | 18242 ||| DROPPING potion of berserk rage.
 18258 | D:15     | Entered Level 15 of the Dungeon
 18258 | D:15     | Found Ironaini's Antique Weapon Boutique.
 18289 | D:15     | Found Dusuerphu's Jewellery Shop.
 18308 | D:15     | 18308 ||| INVOKING Heroism.
 18367 | D:15     | 18367 ||| Stepping ~*~*~tactically~*~*~ (retreating).
 18368 | D:15     | 18368 ||| RETREATING.
 18369 | D:15     | 18369 ||| FLEEEEING.
 18370 | D:15     | 18370 ||| FLEEEEING.
 18371 | D:15     | 18371 ||| Stepping ~*~*~tactically~*~*~ (retreating).
 18374 | D:15     | 18374 ||| Stepping ~*~*~tactically~*~*~ (retreating).
 18375 | D:15     | 18375 ||| Stepping ~*~*~tactically~*~*~ (retreating).
 18376 | D:15     | 18376 ||| Stepping ~*~*~tactically~*~*~ (retreating).
 18387 | D:15     | 18387 ||| Stepping ~*~*~tactically~*~*~ (retreating).
 18388 | D:15     | 18388 ||| RETREATING.
 18392 | D:15     | 18392 ||| INVOKING Heroism.
 18395 | D:15     | Reached skill level 9 in Dodging
 18566 | D:15     | Found Gywom's Assorted Antiques.
 18574 | D:15     | 18574 ||| BUYING potion of curing (102 gold).
 18574 | D:15     | Bought a potion of curing for 102 gold pieces
 18574 | D:15     | 18574 ||| BUYING potion of curing (102 gold).
 18574 | D:15     | Bought a potion of curing for 102 gold pieces
 18575 | D:15     | Found Meanno's Book Boutique.
 18582 | D:15     | 18582 ||| RETREATING.
 18583 | D:15     | 18583 ||| FLEEEEING.
 18584 | D:15     | 18584 ||| FLEEEEING.
 18614 | D:15     | 18614 ||| INVOKING Heroism.
 18617 | D:15     | 18617 ||| Stepping ~*~*~tactically~*~*~ (retreating).
 18685 | D:15     | 18685 ||| BUYING ring of the Octopus King {Wiz HP+2 AC+2
                  | EV+2 SH+2} (996 gold).
 18685 | D:15     | Bought a ring of the Octopus King {Wiz HP+2 AC+2 EV+2 SH+2}
                  | for 996 gold pieces
 18685 | D:15     | Found the ring of the Octopus King {Wiz HP+2 AC+2 EV+2
                  | SH+2}
 18757 | D:15     | Found a hazy altar of Hepliaklqana.
 18812 | D:15     | 18812 ||| INVOKING Heroism.
 18818 | D:15     | 18818 ||| Stepping ~*~*~tactically~*~*~ (outnumbered).
 18888 | D:15     | Found a staircase to the Depths.
 19013 | D:15     | 19013 ||| PLANNING ORC
 19013 | D:15     | 19013 ||| UPGRADING to ring of the Octopus King {Wiz HP+2
                  | AC+2 EV+2 SH+2}.
 19016 | D:15     | 19016 ||| DROPPING +6 ring of strength.
 19088 | Orc:1    | Entered Level 1 of the Orcish Mines
 19089 | Orc:1    | 19089 ||| STAIRDANCE
 19129 | Orc:1    | 19129 ||| STAIRDANCE
 19136 | Orc:1    | 19136 ||| STAIRDANCE
 19321 | Orc:2    | Entered Level 2 of the Orcish Mines
 19323 | Orc:2    | 19323 ||| STAIRDANCE
 19334 | Orc:2    | 19334 ||| STAIRDANCE
 19349 | Orc:2    | 19349 ||| STAIRDANCE
 19360 | Orc:1    | 19360 ||| DRINKING 9 potions of curing.
 19360 | Orc:1    | 19360 ||| (to cure confusion)
 19368 | Orc:2    | 19368 ||| STAIRDANCE
 19395 | Orc:2    | 19395 ||| STAIRDANCE
 19423 | Orc:2    | 19423 ||| STAIRDANCE
 19443 | Orc:2    | 19443 ||| Stepping ~*~*~tactically~*~*~ (retreating).
 19444 | Orc:2    | 19444 ||| INVOKING Heroism.
 19451 | Orc:2    | Noticed Saint Roka
 19452 | Orc:2    | 19452 ||| INVOKING Finesse.
 19454 | Orc:2    | Noticed an orc warlord
 19454 | Orc:2    | HP: 17/103 [orc knight/+0 long sword (18)]
 19455 | Orc:2    | 19455 ||| READING 6 scrolls of teleportation.
 19455 | Orc:2    | HP: 4/103 [Saint Roka/divine providence (14)]
 19456 | Orc:2    | 19456 ||| DRINKING potion of heal wounds.
 19458 | Orc:2    | Killed from afar by Saint Roka

Levels and vault maps discovered:
D:1:      spicycebolla_arrival_xxxplode, layout_basic, palyth_stone_intersect,
          minivault_27
D:2:      kennysheep_the_goblin_king, layout_basic, serial_bayou_ford_a,
          minivault_27, nicolae_eternal_life, nicolae_houndstooth_variations,
          uniq_natasha
D:3:      layout_rooms, grunt_temple_overflow_holy_war,
          mainiacjoe_overflow_concentric_impassable,
          hellmonk_ecumenical_altar_inner_sanctum,
          chequers_serial_rivers_micro_e
D:4:      layout_rooms, mainiacjoe_overflow_cross_hatched, lemuel_crystal_altar,
          minmay_temple_entry_antechambers, uniq_eustachio
D:5:      layout_loops_corners, evilmike_ruin_ashenzari,
          mainiacjoe_overflow_catwalk, serial_shops, nicolae_shop_trees,
          nicolae_alphabet_shops
D:6:      layout_loops_corners, old_standard_altar,
          mainiacjoe_overflow_catwalk_spiral, uniq_prince_ribbit1, uniq_maggie,
          uniq_pikel, uniq_edmund
D:7:      minmay_opposing_rooms, layout_basic, fedhas_altar_2,
          nicolae_kite_square_tiling_tiny
D:8:      layout_gridville
D:9:      layout_roguey, due_lair_maze_entry_diamond
D:10:     layout_loops_cross, serial_shops, nicolae_shop_bloodbath_and_beyond
D:11:     layout_loops_ring, serial_shops, kennysheep_little_box
D:12:     minmay_the_grid_four_pointed_star_mashed
          [minmay_the_grid_triangle_9x9_empty,
          minmay_the_grid_triangle_9x9_sparse_checkered,
          minmay_the_grid_triangle_9x9_from_above,
          minmay_the_grid_triangle_9x9_cache,
          minmay_the_grid_prize_inner_circle], layout_cave_pools, orc_0_dummy
D:13:     layout_gridville, hellmonk_vaults_order_and_chaos
D:14:     layout_long_grid, hangedman_decor_lopped, serial_shops,
          nicolae_shop_tiny_glass, minmay_statue_bubble
D:15:     grunt_enter_depths_hoard, layout_rooms,
          nicolae_hepliaklqana_hippocampus, serial_shops, shop, shop, shop,
          shop, dreamdust_princess_bridge
Temple:   nicolae_temple_bog_church
Lair:1:   layout_regular_city, grunt_megastairs_2
Lair:2:   layout_loops_ring, minmay_shoals_entry_lonely_mermaid,
          nicolae_spider_entry_orb_guardian, grunt_forest_large_clearing_hut,
          grunt_megastairs_3
Lair:3:   layout_hall_layers, enter_volcano_1, grunt_megastairs_4,
          uniq_josephine, uniq_nergalle
Lair:4:   layout_cave_pods, lemuel_fruit_fields, infiniplex_staircase_pool,
          uniq_sonja
Lair:5:   guppyfry_lair_end_dragon, layout_long_grid, hangedman_lair_in_review,
          minmay_slime_entry_pillars
Orc:1:    layout_caves, mines2_lemuel
Orc:2:    grunt_orc_gardens, layout_caves, grunt_orc_garden, grunt_orc_garden,
          grunt_orc_garden, grunt_orc_garden, uniq_saint_roka

Skill      XL: |  1  2  3  4  5  6  7  8  9 10 11 12 13 14 15 |
---------------+----------------------------------------------+-----
Ranged Weapons | 5 6 8 9 11 13 14 15 17 18 | 18.0
Fighting       | 3 4 5 7 8 9 10 11 13 14 | 14.9
Armour         | 1 2 3 4 5 6 8 |  8.1
Invocations    | 2 4 7 10 | 10.0
Dodging        | 2 3 4 5 6 7 8 9 |  9.0
Stealth        | |  1.1

Action                     |  1- 3 |  4- 6 |  7- 9 | 10-12 | 13-15 || total
---------------------------+-------+-------+-------+-------+-------++-------
   Fire: Shortbow          |    85 |   224 |   444 |   190 |       ||   943
         Orcbow            |       |       |       |   764 |   177 ||   941
         Arbalest          |       |       |       |       |   903 ||   903
 Invoke: Heroism           |       |       |    18 |    28 |    30 ||    76
         Finesse           |       |       |       |       |     6 ||     6
    Use: Scroll            |     1 |     4 |     6 |    10 |     8 ||    29
         Potion            |     1 |     2 |     2 |     5 |     3 ||    13
 Armour: Leather armour    |    17 |    26 |       |       |       ||    43
         Ring mail         |       |    67 |   149 |       |       ||   216
         Steam dragon scal |       |       |    31 |   409 |    98 ||   538
         Troll leather arm |       |       |       |       |   210 ||   210
         Acid dragon scale |       |       |       |       |    94 ||    94
  Dodge: Dodged            |    19 |    73 |   165 |   554 |   810 ||  1621
  Block: Other             |       |       |       |       |    19 ||    19

Table legend:
 A = Non-vault XP
 B = Vault XP
 C = Vault XP percentage of total XP
 D = Non-vault monster count
 E = Vault monster count
 F = Vault count percentage of total count
                 A         B        C        D         E       F
            +---------+---------+-------+---------+---------+-------
      Total |   62722 |   42467 |  40.4 |     396 |     130 |  24.7
            +---------+---------+-------+---------+---------+-------
        D:1 |      58 |       0 |   0.0 |      27 |       0 |   0.0
        D:2 |      66 |      49 |  42.6 |      18 |       8 |  30.8
        D:3 |      94 |       0 |   0.0 |      12 |       0 |   0.0
        D:4 |     431 |     196 |  31.3 |      19 |       1 |   5.0
        D:5 |     733 |       0 |   0.0 |      21 |       0 |   0.0
        D:6 |     757 |    1505 |  66.5 |      14 |       4 |  22.2
        D:7 |    1251 |    1340 |  51.7 |      28 |      10 |  26.3
        D:8 |    1315 |       0 |   0.0 |      24 |       0 |   0.0
        D:9 |    1169 |    1231 |  51.3 |      26 |       9 |  25.7
       D:10 |    3218 |       0 |   0.0 |      19 |       0 |   0.0
       D:11 |    5180 |       0 |   0.0 |      21 |       0 |   0.0
       D:12 |    3308 |    8353 |  71.6 |      10 |      20 |  66.7
       D:13 |    6429 |    1845 |  22.3 |      17 |       2 |  10.5
       D:14 |    6149 |     722 |  10.5 |      15 |       1 |   6.2
       D:15 |   10643 |    1768 |  14.2 |      23 |       2 |   8.0
     Lair:1 |    2820 |     770 |  21.4 |      14 |       2 |  12.5
     Lair:2 |    2480 |    2463 |  49.8 |      11 |       7 |  38.9
     Lair:3 |    3138 |    4846 |  60.7 |      11 |      10 |  47.6
     Lair:4 |    6755 |     776 |  10.3 |      25 |       1 |   3.8
     Lair:5 |    5233 |   15210 |  74.4 |      25 |      41 |  62.1
      Orc:1 |    1313 |    1151 |  46.7 |      13 |      10 |  43.5
      Orc:2 |     182 |     242 |  57.1 |       3 |       2 |  40.0
            +---------+---------+-------+---------+---------+-------
